 Dungeon Crawl Stone Soup version 0.30.0-5-g1a98f26d00 (webtiles) character file.

Game seed: 11610092914767447759

50 Dordric the Grasshopper (level 3, -4/28 HPs)
             Began as a Barachi Warper on May 11, 2023.
             Killed from afar by an orc wizard (11 damage)
             ... with a puff of flame
             ... on level 3 of the Dungeon.
             The game lasted 00:03:31 (1635 turns).

Dordric the Grasshopper (Barachi Warper)            Turns: 1635, Time: 00:03:32

Health: -4/28      AC:  4    Str: 12    XL:     3   Next: 79%
Magic:  6/6        EV: 12    Int: 13    God:
Gold:   78         SH:  0    Dex: 13    Spells: 1/6 levels left

rFire   . . .        a - +0 falchion
rCold   . . .        (no shield)
rNeg    . . .        b - +0 leather armour
rPois   .            (no helmet)
rElec   .            (no cloak)
rCorr   .            (no gloves)
SInv    .            e - +0 pair of boots
Will    .....        (no amulet)
Stlth   +            (no ring)
HPRegen 0.24/turn    (no ring)
MPRegen 0.10/turn

%: no passive effects
@: slow
A: amphibious, slowness 1, strong legs 1, +LOS
a: Hop


You were on level 3 of the Dungeon.
You visited 1 branch of the dungeon, and saw 3 of its levels.

You collected 78 gold pieces.

Inventory:

Hand Weapons
 a - a +0 falchion (weapon)
Missiles
 d - 7 boomerangs of dispersal (quivered)
Armour
 b - a +0 leather armour (worn)
 e - a +0 pair of boots (worn)
Scrolls
 c - a scroll of blinking
 g - a scroll of amnesia
 h - a scroll of brand weapon
 k - a scroll of noise
 l - a scroll of enchant armour
 m - 2 scrolls of teleportation
 n - a scroll of butterflies
Potions
 f - 2 potions of flight {unknown}
 i - a potion of magic {unknown}
 j - a potion of degeneration {unknown}
 o - a potion of might {unknown}


   Skills:
 - Level 2.4 Fighting
 + Level 3.8 Long Blades
 - Level 1.0 Throwing
 - Level 1.2 Armour
 - Level 2.1 Dodging
 - Level 2.1 Spellcasting
 + Level 4.3 Translocations


You had one spell level left.
You knew the following spells:

 Your Spells              Type           Power      Damage    Failure   Level
a - Blink                 Tloc           24%        N/A       9%          2
b - Vhi's Electric Charg  Tloc/Air       14%        N/A       36%         3

Your spell library contained the following spells:

 Spells                   Type           Power      Damage    Failure   Level
 Apportation              Tloc           24%        N/A       5%          1
 Magic Dart               Conj           4%         1d3       32%         1
 Slow                     Hex            4%         N/A       32%         1
 Lesser Beckoning         Tloc           24%        N/A       9%          2
 Teleport Other           Tloc           12%        N/A       16%         3
 Call Imp                 Summ           2%         N/A       43%         2
 Manifold Assault         Tloc           12%        N/A       47%         4
 Confusing Touch          Hex            1%         N/A       67%         3
 Ignite Poison            Fire/Tmut/Pois 1%         N/A       67%         3
 Mephitic Cloud           Conj/Pois/Air  1%         N/A       67%         3
 Vampiric Draining        Necr           1%         2d6       67%         3
 Sticky Flame             Conj/Fire      1%         2d3       97%         4
 Alistair's Intoxication  Tmut/Pois      0%         N/A       100%        5
 Ignition                 Fire           0%         3d3       100%        8


Dungeon Overview and Level Annotations

Branches:
Dungeon (3/15)

Altars:

Shops:
D:1 =   D:2 !


Innate Abilities, Weirdness & Mutations

You are amphibious.
You cover ground slowly.
You can hop short distances.
You have an extended range of vision and can be seen from far away.


Message History

The orc misses you.
You barely miss the orc wizard. The orc wizard completely misses you.
The orc closely misses you.
You barely miss the orc wizard.
The orc wizard gestures wildly while chanting.
The orc wizard flickers and vanishes!
Deactivating autopickup; reactivate with Ctrl-A.
The orc hits you but does no damage.
You hit the orc.
The orc is moderately wounded.
You hear some strange, mumbled words.
A puff of flame appears from out of thin air!
The puff of flame hits you. The orc hits you with a +0 club.
You hit the orc.
You kill the orc!
Something hits you but does no damage.
No target in view!
No target in view!
No target in view!
No target in view!
No target in view!
No target in view!
You miss something. Something hits you.
You barely miss something.
You hear some strange, mumbled words.
A puff of flame appears from out of thin air!
The puff of flame hits you! Something hits you.
You miss something. Something hits you.
* * * LOW HITPOINT WARNING * * *
You hit something. Something hits you but does no damage.
You miss something. Something hits you but does no damage.
You miss something. Something hits you but does no damage.
You miss something. Something barely misses you.
You hit something. Something hits you but does no damage.
You hit something. Something hits you but does no damage.
You closely miss something.
You hear some strange, mumbled words.
A puff of flame appears from out of thin air!
The puff of flame hits you!
You die...

#.# #.# #.# # #.# ##
#.#.# # ..
#.#.##.#.# ..... ..
###############.##.#
#<..............@{.#
###############.)#.#
#..# # #..# #..#
#..# #..# #..# #.##


There were no monsters in sight!

Vanquished Creatures
  2 worms
  An orc (D:3)
  5 ball pythons (D:1)
  5 bats
  5 endoplasms
  5 goblins
  A hobgoblin (D:2)
  4 jackals (D:1)
  5 kobolds
  A quokka (D:1)
  5 frilled lizards
  A rat (D:1)
40 creatures vanquished.

Notes
Turn   | Place    | Note
-------+----------+-------------------------------------------
     0 | D:1      | Dordric the Barachi Warper began the quest for the Orb.
     0 | D:1      | Reached XP level 1. HP: 17/17 MP: 3/3
    40 | D:1      | Reached XP level 2. HP: 15/23 MP: 5/5
    99 | D:1      | Learned a level 2 spell: Blink
   293 | D:1      | Found Kienef's Jewellery Shoppe.
   699 | D:1      | Reached XP level 3. HP: 25/28 MP: 6/6
   702 | D:1      | Reached skill level 4 in Translocations
   980 | D:1      | Learned a level 3 spell: Vhi's Electric Charge
  1176 | D:2      | Found Opeil's Distillery.
  1635 | D:3      | Killed from afar by an orc wizard

Illustrated notes

Levels and vault maps discovered:
D:1:      matt_arrival_grand_opening, layout_loops_ring, serial_shops, shop,
          minivault_25, minmay_small_reverse_x
D:2:      layout_rooms, serial_shops, nicolae_shop_behind_doors
D:3:      layout_basic

Skill      XL: |  1  2  3 |
---------------+----------+-----
Long Blades    | 3 |  3.8
Translocations | 4 |  4.3
Fighting       | |  2.4
Throwing       | |  1.0
Armour         | |  1.2
Dodging        | |  2.1
Spellcasting   | |  2.1

Action                     || total
---------------------------++-------
  Melee: Falchion          ||   155
         Punch             ||     1
   Cast: Blink             ||     2
         Vhi's Electric Ch ||     1
Ability: Hop               ||     1
    Use: Scroll            ||     6
   Stab: Sleeping          ||     1
 Armour: Leather armour    ||    45
  Dodge: Dodged            ||   111
